 Dungeon Crawl Stone Soup version 0.17-a0-987-g15e8808 (webtiles) character file.

1488 sugabear the Shield-Bearer (level 8, -3/51 HPs)
             Began as a Gargoyle Fighter on May 12, 2015.
             Killed by divine providence
             ... invoked by an orc priest
              (15 damage)
             ... on level 6 of the Dungeon.
             The game lasted 00:08:58 (4817 turns).

sugabear the Shield-Bearer (Gargoyle Fighter)       Turns: 4817, Time: 00:08:59

Health: -3/51      AC: 20    Str: 22    XL:     8   Next: 80%
Magic:  8/8        EV:  5    Int: 14    God:
Gold:   307        SH: 11    Dex:  9    Spells: 0 memorised, 7 levels left

rFire  . . .     SeeInvis .     t - +0 hand axe (freeze)
rCold  . . .     Clarity  .     q - +3 plate armour
rNeg   + . .     SustAb   .     c - +0 shield
rPois  ∞         Gourm    .     (no helmet)
rElec  +         Spirit   .     (no cloak)
rCorr  .         Warding  .     (no gloves)
rMut   .         Stasis   .     (no boots)
MR     +....                    (no amulet)
Stlth  ..........               m - ring of protection from magic
                                g - +5 ring of intelligence

@: somewhat resistant to hostile enchantments, extremely unstealthy
A: breathe flames 1, negative energy resistance 1, electricity resistance,
unbreathing, petrification resistance, rot immunity, AC +5
a: Breathe Fire


You were on level 6 of the Dungeon.
You were not hungry.

You visited 1 branch of the dungeon, and saw 6 of its levels.

You collected 337 gold pieces.
You spent 30 gold pieces at shops.

Inventory:

Hand weapons
 t - a +0 hand axe of freezing (weapon)
Armour
 c - a +0 shield (worn)
 q - a +3 plate armour (worn)
 u - a +1 scale mail of fire resistance
Jewellery
 g - a +5 ring of intelligence (left hand)
 m - a ring of protection from magic (right hand)
 y - an uncursed ring of see invisible {unknown}
Magical devices
 x - a wand of flame (19)
Scrolls
 a - 3 scrolls of fear {unknown}
 f - 5 scrolls of teleportation {unknown}
 i - 5 scrolls of remove curse
 j - 2 scrolls of identify {unknown}
 l - 2 scrolls of enchant weapon {unknown}
 r - a scroll of random uselessness {unknown}
 s - a scroll of amnesia {unknown}
 w - a scroll of magic mapping {unknown}
Potions
 b - a potion of berserk rage {unknown}
 d - a potion of might
 h - 2 potions of ambrosia {unknown}
 k - 2 potions of agility {unknown}
 v - 3 potions of curing
 z - a potion of flight {unknown}
 A - a potion of heal wounds {unknown}
 B - a potion of degeneration {unknown}
Books
 o - a book of Frost

   Spells                             Type                      Level
   a - Freeze                         Ice                          1
   b - Throw Frost                    Conjuration/Ice              2
   c - Ozocubu's Armour               Charms/Ice                   3
   d - Throw Icicle                   Conjuration/Ice              4
   e - Summon Ice Beast               Ice/Summoning                4
   f - Condensation Shield            Ice                          4
Comestibles
 e - 2 bread rations
 n - 3 beef jerkies
 p - 5 fruits


   Skills:
 + Level 6.2 Fighting
 + Level 4.6 Axes
 + Level 5.6 Armour
 + Level 1.7 Dodging
 + Level 0.5 Stealth
 + Level 7.8 Shields


You had 7 spell levels left.
You didn't know any spells.

Dungeon Overview and Level Annotations

Branches:
Dungeon (6/15)
 Temple: D:4-7

Altars:
Kikubaaqudgha
Nemelex Xobeh
Vehumet
Yredelemnul

Shops:
D:5 *

Portals:
Sewer: D:6


Innate Abilities, Weirdness & Mutations

You are resistant to torment.
Your stone body is resilient (AC +5).
You are immune to poison.
You resist negative energy.
You are resistant to electric shocks.
You can survive without breathing.
You are immune to petrification.
You are immune to rotting.
You can breathe flames.


Message History

Unknown command.
You barely miss the orc wizard.
The orc wizard is heavily wounded.
You hit the giant cockroach. You freeze the giant cockroach.
You kill the giant cockroach!
The orc priest invokes the aid of Beogh against you.
Something smites you!
* * * LOW HITPOINT WARNING * * *
You are too injured to fight recklessly!
You are too injured to fight recklessly!
You are too injured to fight recklessly!
You are too injured to fight recklessly!
You are too injured to fight recklessly!
You hit the orc wizard but do no damage.
The orc wizard is heavily wounded.
You closely miss the orc. You block the orc wizard's attack. The orc hits you.
* * * LOW HITPOINT WARNING * * *
The orc priest mumbles some strange prayers to Beogh against you.
Something smites you!
You die...

.. ... #...
#####....##
#.........#
#.#######.#
#.#≈≈≈≈≈#.#
#@o≈≈∩≈≈#.##
#o#≈≈≈≈≈#...
#o#######.##
#..........#
####.############.
#..............
#.#
######.######## .#
#.# #.# .# #.# #.#


You could see an orc priest, an orc wizard and an orc.

Vanquished Creatures
  The ghost of glothmyan the Shield-Bearer, an experienced MiFi (D:6)
  A sky beast (D:5)
  An ogre (D:6)
  A phantom (D:5)
  An ice beast (D:5)
  A scorpion (D:4)
  3 crimson imps
  3 orc wizards (D:4)
  A giant frog skeleton (D:4)
  Ijyb (D:2)
  4 orc priests
  Jessica (D:3)
  Terence (D:2)
  2 worker ants
  An iguana (D:5)
  7 adders
  4 worms (D:2)
  2 giant geckos
  16 orcs
  11 bats
  A bat zombie (D:6)
  6 giant cockroaches
  12 goblins
  8 hobgoblins
  10 jackals
  19 kobolds
  A quokka (D:3)
  A ball python (D:3)
  6 giant newts
  11 rats
138 creatures vanquished.

Notes
Turn   | Place    | Note
--------------------------------------------------------------
     0 | D:1      | sugabear the Gargoyle Fighter began the quest for the Orb.
     0 | D:1      | Reached XP level 1. HP: 14/14 MP: 1/1
   137 | D:1      | Reached XP level 2. HP: 17/20 MP: 2/2
   423 | D:1      | Reached XP level 3. HP: 20/24 MP: 3/3
   642 | D:2      | Noticed Ijyb
   651 | D:2      | Killed Ijyb
   651 | D:2      | Reached skill level 4 in Fighting
   651 | D:2      | Reached XP level 4. HP: 24/29 MP: 4/4
  1247 | D:2      | Reached skill level 1 in Dodging
  1279 | D:2      | Noticed Terence
  1292 | D:2      | Killed Terence
  1292 | D:2      | Reached XP level 5. HP: 27/33 MP: 5/5
  1724 | D:3      | Found an ancient bone altar of Kikubaaqudgha.
  1861 | D:3      | Noticed Jessica
  1873 | D:3      | Killed Jessica
  1936 | D:3      | Found a sparkling altar of Nemelex Xobeh.
  2021 | D:3      | Found a radiant altar of Vehumet.
  2426 | D:4      | Reached XP level 6. HP: 26/39 MP: 6/6
  2603 | D:4      | Reached skill level 5 in Shields
  2608 | D:4      | HP: 1/40 [orc/hand axe (2)]
  2968 | D:4      | HP: 1/40 [orc priest/nerve-wracking pain (12)]
  2972 | D:4      | Reached XP level 7. HP: 2/44 MP: 7/7
  3433 | D:4      | Reached skill level 5 in Fighting
  3673 | D:5      | Entered Level 5 of the Dungeon
  3752 | D:5      | Found Rcrufege's Retail Resort.
  3758 | D:5      | Gained mutation: You can breathe flames. [mutagenic meat]
  3767 | D:5      | Bought a scroll of remove curse for 30 gold pieces
  3783 | D:5      | Found a basalt altar of Yredelemnul.
  3824 | D:5      | Reached skill level 6 in Shields
  4478 | D:5      | Reached XP level 8. HP: 50/50 MP: 8/8
  4597 | D:6      | Noticed glothmyan's ghost (experienced MiFi)
  4599 | D:6      | Reached skill level 5 in Armour
  4599 | D:6      | Reached skill level 7 in Shields
  4626 | D:6      | Killed glothmyan's ghost
  4801 | D:6      | Found a glowing drain.
  4817 | D:6      | Killed from afar by an orc priest

Vault maps used:
D:1:      sevenhm_arrival_forest_fort_large_4
D:2:      first_bread, grunt_ministairs_12, minmay_misc_feat_doors,
          amethyst_killhole, uniq_iyjb, uniq_terence
D:3:      vehumet_altar_wand_db, lemuel_doored_altar, nemelex_altar_shiori,
          uniq_jessica
D:5:      yredelemnul_altar_generic, nicolae_alphabet_shops
D:6:      kennysheep_mini, lemuel_crystal_altar, gup_sewer_entry_glass,
          nrook_uturn

Action                   |  1- 3 |  4- 6 |  7- 9 || total
-------------------------+-------+-------+-------++-------
Melee: War axe           |    91 |   102 |       ||   193
       Hand axe          |       |   179 |   358 ||   537
  Use: Potion            |       |       |     3 ||     3
       Scroll            |       |       |     1 ||     1
  Eat: Chunk             |       |     6 |     6 ||    12
       Pizza             |       |       |     2 ||     2
